2809 views
Uploaded 2019-12-30 23:41:37
Game version 1.32.0.4
22:10 long 3on3 ladder game on (6)TimbermawHold
Saved by BEARAND
2809 views
Uploaded 2019-12-30 23:41:37
Game version 1.32.0.4
22:10 long 3on3 ladder game on (6)TimbermawHold


73 units @ 6.9k
/ 0.5k
194 buildings @ 11.2k
/ 6.1k



| Staff of Sanctuary | 4 | 1000 |
| Staff of Teleportation | 2 | 300 |
| Boots of Speed | 4 | 1000 |
| Healing Salve | 3 | 300 |
| Orb of Lightning | 2 | 750 |
| total: | 15 | 3350g |
| Peasant | 24 | 1800 | / | 0 |
| Dragonhawk Rider | 1 | 200 | / | 30 |
| Gryphon Rider | 4 | 1120 | / | 280 |
| Priest | 1 | 135 | / | 10 |
| total: | 30 | 3255g | / | 320w |
| Scout Tower | 74 | 2220 | / | 1480 |
| Arcane Tower | 3 | 210 | / | 150 |
| Guard Tower | 42 | 2940 | / | 2100 |
| Altar of Kings | 1 | 180 | / | 50 |
| Farm | 7 | 560 | / | 140 |
| Lumber Mill | 1 | 120 | / | 0 |
| Town Hall | 1 | 385 | / | 205 |
| Arcane Vault | 2 | 260 | / | 60 |
| Barracks | 1 | 160 | / | 60 |
| Blacksmith | 1 | 140 | / | 60 |
| Arcane Sanctum | 1 | 150 | / | 140 |
| Gryphon Aviary | 1 | 140 | / | 150 |
| Keep | 2 | 640 | / | 420 |
| Castle | 2 | 720 | / | 420 |
| total: | 90 | 4315g | / | 2345w |
| 0:02 | Peasant |
| 0:02 | Peasant |
| 0:11 | Altar of Kings |
| 0:18 | Farm |
| 0:24 | Peasant |
| 0:24 | Peasant |
| 0:24 | Peasant |
| 0:29 | Farm |
| 0:37 | Peasant |
| 0:59 | Peasant |
| 1:07 | Lumber Mill |
| 1:20 | Peasant |
| 1:20 | Peasant |
| 1:23 | Peasant |
| 1:27 | Scout Tower |
| 1:47 | Scout Tower |
| 2:05 | Arcane Tower |
| 2:06 | Scout Tower |
| 2:23 | Blizzard |
| 2:30 | Guard Tower |
| 2:31 | Scout Tower |
| 2:32 | Scout Tower |
| 2:38 | Peasant |
| 2:38 | Peasant |
| 2:38 | Peasant |
| 2:39 | Improved Masonry |
| 2:52 | Peasant |
| 3:00 | Guard Tower |
| 3:01 | Guard Tower |
| 3:04 | Peasant |
| 3:44 | Guard Tower |
| 3:46 | Scout Tower |
| 3:47 | Scout Tower |
| 4:23 | Brilliance Aura |
| 4:36 | Scout Tower |
| 4:37 | Scout Tower |
| 4:37 | Scout Tower |
| 4:38 | Scout Tower |
| 4:38 | Scout Tower |
| 4:39 | Scout Tower |
| 4:39 | Scout Tower |
| 4:40 | Scout Tower |
| 4:48 | Guard Tower |
| 4:49 | Guard Tower |
| 4:50 | Scout Tower |
| 4:51 | Scout Tower |
| 4:59 | Staff of Teleportation |
| 4:59 | Boots of Speed |
| 5:05 | Guard Tower |
| 5:16 | Arcane Tower |
| 5:16 | Guard Tower |
| 5:58 | Keep |
| 6:00 | Guard Tower |
| 6:02 | Guard Tower |
| 6:10 | Guard Tower |
| 6:17 | Healing Salve |
| 6:21 | Guard Tower |
| 6:24 | Scout Tower |
| 6:27 | Scout Tower |
| 6:27 | Scout Tower |
| 6:40 | Farm |
| 6:40 | Farm |
| 6:58 | Guard Tower |
| 6:58 | Guard Tower |
| 7:01 | Scout Tower |
| 7:10 | Scout Tower |
| 7:11 | Scout Tower |
| 7:39 | Guard Tower |
| 7:49 | Town Hall |
| 8:05 | Guard Tower |
| 8:55 | Blizzard |
| 9:03 | Peasant |
| 9:04 | Peasant |
| 9:04 | Peasant |
| 9:43 | Storm Bolt |
| 9:47 | Arcane Vault |
| 9:58 | Peasant |
| 9:58 | Peasant |
| 10:12 | Arcane Sanctum |
| 10:14 | Castle |
| 10:27 | Peasant |
| 11:03 | Boots of Speed |
| 11:26 | Scout Tower |
| 11:27 | Scout Tower |
| 11:27 | Scout Tower |
| 11:28 | Scout Tower |
| 11:29 | Scout Tower |
| 11:36 | Healing Salve |
| 11:52 | Gryphon Aviary |
| 11:53 | Barracks |
| 11:54 | Blacksmith |
| 11:55 | Advanced Masonry |
| 11:55 | Imbued Masonry |
| 12:15 | Peasant |
| 12:19 | Peasant |
| 12:35 | Scout Tower |
| 12:48 | Scout Tower |
| 12:49 | Scout Tower |
| 13:14 | Guard Tower |
| 13:17 | Guard Tower |
| 13:20 | Dragonhawk Rider |
| 13:21 | Storm Hammers |
| 13:22 | Gryphon Rider |
| 13:25 | Magic Sentry |
| 13:25 | Priest |
| 13:32 | Guard Tower |
| 13:35 | Arcane Vault |
| 13:52 | Staff of Sanctuary |
| 14:05 | Boots of Speed |
| 14:12 | Holy Light |
| 14:23 | Gryphon Rider |
| 14:39 | Peasant |
| 14:41 | Scout Tower |
| 14:42 | Scout Tower |
| 14:42 | Scout Tower |
| 14:51 | Arcane Tower |
| 14:56 | Farm |
| 15:10 | Guard Tower |
| 15:24 | Scout Tower |
| 15:30 | Animal War Training |
| 15:31 | Iron Forged Swords |
| 15:34 | Staff of Sanctuary |
| 15:36 | Orb of Lightning |
| 15:36 | Healing Salve |
| 15:49 | Guard Tower |
| 15:54 | Staff of Sanctuary |
| 15:54 | Staff of Sanctuary |
| 16:17 | Guard Tower |
| 17:20 | Scout Tower |
| 17:20 | Scout Tower |
| 17:25 | Gryphon Rider |
| 17:28 | Farm |
| 17:29 | Farm |
| 17:42 | Orb of Lightning |
| 17:50 | Steel Forged Swords |
| 17:51 | Studded Leather Armor |
| 18:05 | Boots of Speed |
| 18:05 | Staff of Teleportation |
| 18:32 | Gryphon Rider |
| 18:43 | Bash |
| 18:58 | Guard Tower |
| 18:59 | Scout Tower |
| 19:00 | Scout Tower |
| 19:01 | Scout Tower |
| 19:01 | Scout Tower |
| 19:02 | Scout Tower |
| 19:02 | Scout Tower |
| 19:02 | Scout Tower |
| 19:03 | Scout Tower |
| 19:04 | Scout Tower |
| 19:05 | Scout Tower |
| 19:05 | Scout Tower |
| 19:35 | Scout Tower |
| 19:35 | Scout Tower |
| 19:36 | Scout Tower |
| 19:37 | Scout Tower |
| 19:37 | Scout Tower |
| 19:38 | Scout Tower |
| 19:38 | Scout Tower |
| 19:39 | Scout Tower |
| 19:40 | Scout Tower |
| 19:40 | Scout Tower |
| 19:40 | Scout Tower |
| 19:41 | Scout Tower |
| 20:11 | Guard Tower |
| 20:42 | Guard Tower |
| 20:44 | Devotion Aura |
| 21:03 | Scout Tower |
| 21:05 | Guard Tower |
| 21:34 | Scout Tower |
| 21:34 | Scout Tower |
| 21:35 | Scout Tower |
| 21:35 | Scout Tower |
| 21:36 | Scout Tower |
| 21:36 | Scout Tower |
| 21:49 | Guard Tower |
| 21:50 | Scout Tower |
| 21:51 | Scout Tower |
| 21:51 | Scout Tower |
| 21:52 | Scout Tower |
| 21:53 | Scout Tower |
| 21:54 | Scout Tower |
| 21:54 | Scout Tower |
| Right click | 1970 |
| Select | 531 |
| Select group | 337 |
| Build/train/purchase | 203 |
| Use ability | 55 |
| Chat | 32 |
| Assign group | 17 |
| Minimap ping | 15 |
| Item give/drop | 4 |
| Resource trade | 4 |
| Misc. action | 3 |
| Esc | 3 |
| Remove unit | 1 |



| Lesser Clarity Potion | 7 | 490 |
| Scroll of Regeneration | 2 | 200 |
| Staff of Sanctuary | 2 | 500 |
| Potion of Mana | 1 | 200 |
| Boots of Speed | 3 | 750 |
| Staff of Teleportation | 3 | 450 |
| Circlet of Nobility | 3 | 525 |
| Periapt of Vitality | 3 | 975 |
| Healing Salve | 1 | 100 |
| Scroll of Speed | 1 | 50 |
| Orb of Lightning | 2 | 750 |
| total: | 28 | 4990g |
| Peasant | 24 | 1800 | / | 0 |
| Sorceress | 1 | 155 | / | 20 |
| Priest | 1 | 135 | / | 10 |
| total: | 26 | 2090g | / | 30w |
| Scout Tower | 72 | 2160 | / | 1440 |
| Arcane Tower | 1 | 70 | / | 50 |
| Guard Tower | 28 | 1960 | / | 1400 |
| Altar of Kings | 1 | 180 | / | 50 |
| Farm | 5 | 400 | / | 100 |
| Lumber Mill | 2 | 240 | / | 0 |
| Town Hall | 2 | 770 | / | 410 |
| Blacksmith | 1 | 140 | / | 60 |
| Arcane Vault | 1 | 130 | / | 30 |
| Arcane Sanctum | 1 | 150 | / | 140 |
| Gryphon Aviary | 2 | 280 | / | 300 |
| Keep | 2 | 640 | / | 420 |
| Castle | 1 | 360 | / | 210 |
| total: | 87 | 4450g | / | 2530w |
| 0:04 | Peasant |
| 0:04 | Peasant |
| 0:07 | Altar of Kings |
| 0:16 | Peasant |
| 0:22 | Farm |
| 0:39 | Peasant |
| 0:50 | Farm |
| 0:53 | Peasant |
| 0:55 | Lumber Mill |
| 1:03 | Scout Tower |
| 1:10 | Peasant |
| 1:20 | Peasant |
| 1:30 | Arcane Tower |
| 1:35 | Peasant |
| 1:37 | Scout Tower |
| 1:46 | Peasant |
| 1:47 | Peasant |
| 2:02 | Scout Tower |
| 2:05 | Peasant |
| 2:11 | Guard Tower |
| 2:13 | Flame Strike |
| 2:15 | Peasant |
| 2:31 | Guard Tower |
| 2:36 | Scout Tower |
| 2:48 | Peasant |
| 2:58 | Peasant |
| 3:05 | Siphon Mana |
| 3:18 | Peasant |
| 3:22 | Farm |
| 3:25 | Scout Tower |
| 3:26 | Scout Tower |
| 3:26 | Scout Tower |
| 3:53 | Farm |
| 3:57 | Town Hall |
| 4:01 | Peasant |
| 4:11 | Guard Tower |
| 4:14 | Boots of Speed |
| 4:14 | Staff of Teleportation |
| 4:26 | Guard Tower |
| 4:28 | Scout Tower |
| 4:28 | Scout Tower |
| 4:29 | Scout Tower |
| 4:52 | Scout Tower |
| 4:53 | Scout Tower |
| 4:54 | Scout Tower |
| 4:57 | Guard Tower |
| 4:59 | Guard Tower |
| 5:03 | Lesser Clarity Potion |
| 5:14 | Healing Salve |
| 5:35 | Guard Tower |
| 6:03 | Scout Tower |
| 6:06 | Scout Tower |
| 6:08 | Scout Tower |
| 6:17 | Keep |
| 6:26 | Scout Tower |
| 6:28 | Scout Tower |
| 6:32 | Scout Tower |
| 6:34 | Scout Tower |
| 6:34 | Scout Tower |
| 6:38 | Scout Tower |
| 6:40 | Scout Tower |
| 6:41 | Scout Tower |
| 6:45 | Scout Tower |
| 6:46 | Scout Tower |
| 6:47 | Scout Tower |
| 6:49 | Scout Tower |
| 6:51 | Scout Tower |
| 6:57 | Peasant |
| 6:57 | Peasant |
| 7:08 | Improved Masonry |
| 7:13 | Lesser Clarity Potion |
| 7:13 | Lesser Clarity Potion |
| 7:14 | Scroll of Speed |
| 7:28 | Guard Tower |
| 8:10 | Scout Tower |
| 8:11 | Scout Tower |
| 8:11 | Scout Tower |
| 8:12 | Scout Tower |
| 8:13 | Scout Tower |
| 8:13 | Scout Tower |
| 8:14 | Scout Tower |
| 8:15 | Scout Tower |
| 8:16 | Guard Tower |
| 8:20 | Peasant |
| 8:21 | Peasant |
| 8:41 | Guard Tower |
| 9:04 | Improved Lumber Harvesting |
| 9:04 | Advanced Masonry |
| 9:05 | Peasant |
| 9:05 | Peasant |
| 9:33 | Castle |
| 9:59 | Guard Tower |
| 10:07 | Storm Bolt |
| 10:12 | Guard Tower |
| 10:18 | Peasant |
| 10:18 | Peasant |
| 10:23 | Lumber Mill |
| 10:52 | Guard Tower |
| 10:57 | Boots of Speed |
| 10:58 | Circlet of Nobility |
| 10:58 | Staff of Teleportation |
| 10:59 | Periapt of Vitality |
| 11:30 | Lesser Clarity Potion |
| 11:30 | Lesser Clarity Potion |
| 11:32 | Scroll of Regeneration |
| 11:38 | Scout Tower |
| 11:39 | Scout Tower |
| 11:39 | Scout Tower |
| 12:16 | Guard Tower |
| 12:23 | Guard Tower |
| 12:49 | Scout Tower |
| 12:53 | Flame Strike |
| 13:19 | Holy Light |
| 13:22 | Lesser Clarity Potion |
| 13:29 | Orb of Lightning |
| 13:48 | Arcane Sanctum |
| 13:49 | Gryphon Aviary |
| 13:50 | Gryphon Aviary |
| 13:52 | Blacksmith |
| 13:53 | Farm |
| 13:55 | Scout Tower |
| 13:55 | Scout Tower |
| 13:56 | Scout Tower |
| 13:56 | Scout Tower |
| 13:56 | Scout Tower |
| 14:00 | Boots of Speed |
| 14:01 | Periapt of Vitality |
| 14:01 | Staff of Teleportation |
| 14:03 | Circlet of Nobility |
| 14:47 | Bash |
| 15:06 | Guard Tower |
| 15:09 | Imbued Masonry |
| 15:09 | Advanced Lumber Harvesting |
| 15:13 | Storm Hammers |
| 15:18 | Arcane Vault |
| 15:21 | Scout Tower |
| 15:23 | Scout Tower |
| 16:16 | Circlet of Nobility |
| 16:20 | Periapt of Vitality |
| 16:27 | Devotion Aura |
| 17:59 | Magic Sentry |
| 17:59 | Priest Adept Training |
| 18:00 | Sorceress Adept Training |
| 18:00 | Sorceress |
| 18:00 | Priest |
| 18:09 | Scout Tower |
| 18:09 | Scout Tower |
| 18:10 | Scout Tower |
| 18:10 | Scout Tower |
| 18:10 | Scout Tower |
| 18:13 | Scout Tower |
| 18:13 | Scout Tower |
| 18:13 | Scout Tower |
| 18:13 | Scout Tower |
| 18:14 | Scout Tower |
| 18:14 | Scout Tower |
| 18:16 | Scroll of Regeneration |
| 18:18 | Staff of Sanctuary |
| 18:18 | Staff of Sanctuary |
| 18:26 | Orb of Lightning |
| 18:52 | Guard Tower |
| 19:47 | Guard Tower |
| 19:49 | Guard Tower |
| 20:07 | Scout Tower |
| 20:08 | Scout Tower |
| 20:09 | Scout Tower |
| 20:10 | Scout Tower |
| 20:11 | Scout Tower |
| 20:11 | Scout Tower |
| 20:14 | Town Hall |
| 20:16 | Scout Tower |
| 20:17 | Scout Tower |
| 20:17 | Scout Tower |
| 20:18 | Scout Tower |
| 20:18 | Scout Tower |
| 20:19 | Scout Tower |
| 20:19 | Scout Tower |
| 20:30 | Siphon Mana |
| 20:47 | Storm Bolt |
| 20:49 | Holy Light |
| 20:53 | Guard Tower |
| 21:47 | Lesser Clarity Potion |
| 21:48 | Potion of Mana |
| Right click | 846 |
| Select group | 311 |
| Select | 291 |
| Build/train/purchase | 138 |
| Use ability | 86 |
| Assign group | 33 |
| Misc. action | 23 |
| Item give/drop | 19 |
| Esc | 5 |
IcebergSlim
(22:03) : 

| Healing Salve | 1 | 100 |
| Boots of Speed | 1 | 250 |
| total: | 2 | 350g |
| Peon | 14 | 1050 | / | 0 |
| Troll Batrider | 3 | 480 | / | 120 |
| total: | 17 | 1530g | / | 120w |
| Watch Tower | 4 | 440 | / | 320 |
| Altar of Storms | 1 | 180 | / | 50 |
| Orc Burrow | 4 | 640 | / | 160 |
| War Mill | 1 | 205 | / | 0 |
| Voodoo Lounge | 3 | 390 | / | 90 |
| Beastiary | 4 | 580 | / | 560 |
| Stronghold | 1 | 315 | / | 190 |
| Fortress | 1 | 325 | / | 190 |
| total: | 17 | 2435g | / | 1180w |
| 0:02 | Peon |
| 0:02 | Peon |
| 0:07 | Altar of Storms |
| 0:19 | Orc Burrow |
| 0:25 | Peon |
| 0:45 | Peon |
| 0:49 | War Mill |
| 0:54 | Peon |
| 1:05 | Voodoo Lounge |
| 1:16 | Peon |
| 1:26 | Peon |
| 1:42 | Peon |
| 1:46 | Peon |
| 1:56 | Orc Burrow |
| 1:59 | Peon |
| 2:11 | Watch Tower |
| 2:17 | Peon |
| 2:31 | Peon |
| 2:51 | Watch Tower |
| 3:00 | Wind Walk |
| 3:07 | Healing Salve |
| 3:22 | Peon |
| 3:23 | Peon |
| 3:54 | Stronghold |
| 3:59 | Voodoo Lounge |
| 4:57 | Watch Tower |
| 5:21 | Voodoo Lounge |
| 5:31 | Boots of Speed |
| 6:01 | Critical Strike |
| 6:05 | Watch Tower |
| 10:58 | Hex |
| 11:07 | Beastiary |
| 11:08 | Fortress |
| 11:14 | Beastiary |
| 11:17 | Beastiary |
| 11:19 | Beastiary |
| 11:22 | Orc Burrow |
| 11:26 | Orc Burrow |
| 12:27 | Steel Ranged Weapons |
| 12:27 | Spiked Barricades |
| 12:27 | Reinforced Defenses |
| 13:10 | Troll Batrider |
| 13:14 | Troll Batrider |
| 13:31 | Liquid Fire |
| 13:46 | Troll Batrider |
| 13:48 | Thorium Ranged Weapons |
| 17:45 | Arcanite Ranged Weapons |
| 19:25 | Steel Armor |
| 19:25 | Improved Spiked Barricades |
| 19:58 | Wind Walk |
| 19:59 | Healing Wave |
| Right click | 1216 |
| Select group | 306 |
| Select | 186 |
| Build/train/purchase | 52 |
| Misc. action | 45 |
| Resource trade | 14 |
| Use ability | 7 |
| Assign group | 5 |
120 units @ 13.8k
/ 1.7k
58 buildings @ 10.6k
/ 5.2k


| Healing Salve | 2 | 200 |
| Lesser Clarity Potion | 1 | 70 |
| total: | 3 | 270g |
| Peon | 14 | 1050 | / | 0 |
| Grunt | 5 | 1000 | / | 0 |
| Troll Witch Doctor | 8 | 1160 | / | 200 |
| Shaman | 6 | 780 | / | 120 |
| Tauren | 4 | 1120 | / | 320 |
| total: | 37 | 5110g | / | 640w |
| Watch Tower | 5 | 550 | / | 400 |
| Altar of Storms | 1 | 180 | / | 50 |
| Orc Burrow | 8 | 1280 | / | 320 |
| Barracks | 1 | 180 | / | 50 |
| Voodoo Lounge | 1 | 130 | / | 30 |
| War Mill | 1 | 205 | / | 0 |
| Great Hall | 2 | 770 | / | 370 |
| Spirit Lodge | 2 | 300 | / | 300 |
| Tauren Totem | 2 | 270 | / | 310 |
| Stronghold | 3 | 945 | / | 570 |
| Fortress | 1 | 325 | / | 190 |
| total: | 23 | 3865g | / | 1830w |
| 0:02 | Peon |
| 0:02 | Peon |
| 0:03 | Altar of Storms |
| 0:05 | Peon |
| 0:16 | Orc Burrow |
| 0:19 | Peon |
| 0:27 | Barracks |
| 0:36 | Peon |
| 0:36 | Peon |
| 0:36 | Peon |
| 0:50 | Peon |
| 1:02 | Peon |
| 1:15 | Peon |
| 1:28 | Grunt |
| 1:39 | Orc Burrow |
| 1:48 | Peon |
| 2:05 | Feral Spirit |
| 2:11 | Voodoo Lounge |
| 2:39 | Stronghold |
| 3:00 | Grunt |
| 3:22 | War Mill |
| 3:51 | Grunt |
| 4:04 | Grunt |
| 4:09 | Chain Lighting |
| 5:06 | Spirit Lodge |
| 5:07 | Spirit Lodge |
| 5:12 | Orc Burrow |
| 5:16 | Fortress |
| 6:23 | Berserker Strength |
| 6:36 | Troll Witch Doctor |
| 6:36 | Shaman |
| 6:37 | Troll Witch Doctor |
| 7:10 | Great Hall |
| 7:18 | Healing Salve |
| 7:18 | Healing Salve |
| 7:18 | Lesser Clarity Potion |
| 7:32 | Endurance Aura |
| 7:40 | Witch Doctor Adept Training |
| 7:42 | Shaman Adept Training |
| 8:27 | Watch Tower |
| 8:27 | Watch Tower |
| 8:36 | Peon |
| 8:39 | Orc Burrow |
| 8:44 | Orc Burrow |
| 9:04 | Troll Witch Doctor |
| 9:04 | Shaman |
| 9:35 | Witch Doctor Master Training |
| 9:56 | Troll Witch Doctor |
| 10:10 | Peon |
| 10:10 | Peon |
| 10:15 | Watch Tower |
| 10:33 | Troll Witch Doctor |
| 10:34 | Troll Witch Doctor |
| 11:10 | Shaman Master Training |
| 11:29 | Grunt |
| 12:44 | Shaman |
| 12:44 | Shaman |
| 13:20 | Tauren Totem |
| 13:22 | Tauren Totem |
| 13:40 | Troll Witch Doctor |
| 13:40 | Shaman |
| 14:41 | Pulverize |
| 14:42 | Tauren |
| 14:44 | Orc Burrow |
| 14:50 | Orc Burrow |
| 15:32 | Tauren |
| 15:36 | Tauren |
| 15:38 | Tauren |
| 15:43 | Orc Burrow |
| 16:29 | Feral Spirit |
| 17:21 | Great Hall |
| 18:24 | Stronghold |
| 19:00 | Troll Witch Doctor |
| 19:00 | Shaman |
| 19:01 | Spirit Walker Adept Training |
| 19:02 | Spiked Barricades |
| 19:29 | Steel Armor |
| 19:58 | Watch Tower |
| 19:58 | Watch Tower |
| Right click | 1247 |
| Select group | 850 |
| Select | 523 |
| Build/train/purchase | 74 |
| Use ability | 51 |
| Assign group | 32 |
| Misc. action | 15 |
| Minimap ping | 7 |
| Esc | 5 |


| Wisp | 30 | 1800 | / | 0 |
| Archer | 9 | 1170 | / | 90 |
| Glaive Thrower | 4 | 840 | / | 260 |
| Druid of the Talon | 3 | 435 | / | 60 |
| total: | 46 | 4245g | / | 410w |
| Ancient Protector | 1 | 135 | / | 80 |
| Altar of Elders | 1 | 180 | / | 50 |
| Moon Well | 5 | 900 | / | 200 |
| Ancient of War | 2 | 300 | / | 120 |
| Hunter's Hall | 1 | 210 | / | 100 |
| Tree of Life | 3 | 1020 | / | 555 |
| Ancient of Wind | 1 | 150 | / | 140 |
| Chimaera Roost | 2 | 280 | / | 380 |
| Tree of Ages | 1 | 320 | / | 180 |
| Tree of Eternity | 1 | 330 | / | 200 |
| total: | 16 | 3175g | / | 1625w |
| 0:06 | Wisp |
| 0:06 | Wisp |
| 0:18 | Altar of Elders |
| 0:21 | Moon Well |
| 0:34 | Wisp |
| 0:34 | Wisp |
| 0:35 | Wisp |
| 0:49 | Wisp |
| 0:51 | Wisp |
| 1:02 | Ancient of War |
| 1:08 | Wisp |
| 1:34 | Moon Well |
| 1:45 | Wisp |
| 1:53 | Wisp |
| 2:03 | Moon Well |
| 2:05 | Archer |
| 2:20 | Entangling Roots |
| 2:50 | Archer |
| 2:59 | Archer |
| 3:07 | Tree of Ages |
| 3:20 | Archer |
| 3:51 | Hunter's Hall |
| 4:08 | Archer |
| 4:17 | Archer |
| 4:17 | Archer |
| 4:33 | Moon Well |
| 5:04 | Moon Well |
| 5:06 | Strength of the Moon |
| 5:11 | Thorns Aura |
| 5:11 | Thorns Aura |
| 6:18 | Improved Bows |
| 6:20 | Improved Strength of the Moon |
| 6:20 | Advanced Strength of the Moon |
| 6:35 | Ancient of War |
| 6:44 | Ancient of Wind |
| 7:02 | Archer |
| 7:10 | Searing Arrows |
| 8:11 | Vorpal Blades |
| 8:11 | Glaive Thrower |
| 8:13 | Wisp |
| 8:13 | Wisp |
| 8:28 | Moon Armor |
| 8:44 | Druid of the Talon Adept Training |
| 9:36 | Druid of the Talon |
| 9:37 | Druid of the Talon |
| 9:37 | Druid of the Talon |
| 9:39 | Wisp |
| 9:39 | Wisp |
| 9:52 | Tree of Life |
| 10:05 | Archer |
| 10:19 | Wisp |
| 10:19 | Wisp |
| 10:42 | Ancient Protector |
| 11:09 | Glaive Thrower |
| 12:19 | Tree of Eternity |
| 12:56 | Wisp |
| 12:56 | Wisp |
| 12:56 | Wisp |
| 12:57 | Wisp |
| 12:57 | Wisp |
| 14:16 | Strength of the Wild |
| 14:18 | Wisp |
| 14:18 | Wisp |
| 14:44 | Glaive Thrower |
| 14:46 | Glaive Thrower |
| 14:47 | Wisp |
| 14:47 | Wisp |
| 14:51 | Wisp |
| 14:51 | Wisp |
| 15:09 | Chimaera Roost |
| 15:11 | Chimaera Roost |
| 15:15 | Wisp |
| 15:35 | Wisp |
| 15:35 | Wisp |
| 15:37 | Improved Strength of the Wild |
| 16:34 | Entangling Roots |
| 16:35 | Entangling Roots |
| 16:36 | Trueshot Aura |
| 18:08 | Tree of Life |
| 18:18 | Tree of Life |
| Right click | 1229 |
| Select | 364 |
| Select group | 335 |
| Build/train/purchase | 77 |
| Assign group | 52 |
| Misc. action | 28 |
| Use ability | 18 |
| Minimap ping | 8 |
| Esc | 4 |
| Remove unit | 1 |
Kommandant
(19:13) : 

| Wisp | 22 | 1320 | / | 0 |
| Huntress | 7 | 1365 | / | 140 |
| Glaive Thrower | 7 | 1470 | / | 455 |
| Chimaera | 1 | 330 | / | 70 |
| total: | 37 | 4485g | / | 665w |
| Ancient Protector | 2 | 270 | / | 160 |
| Altar of Elders | 1 | 180 | / | 50 |
| Moon Well | 6 | 1080 | / | 240 |
| Hunter's Hall | 1 | 210 | / | 100 |
| Ancient of War | 2 | 300 | / | 120 |
| Ancient of Wonders | 1 | 90 | / | 30 |
| Tree of Life | 3 | 1020 | / | 555 |
| Ancient of Wind | 1 | 150 | / | 140 |
| Chimaera Roost | 2 | 280 | / | 380 |
| Tree of Ages | 1 | 320 | / | 180 |
| Tree of Eternity | 2 | 660 | / | 400 |
| total: | 19 | 3580g | / | 1775w |
| 0:07 | Altar of Elders |
| 0:09 | Wisp |
| 0:09 | Wisp |
| 0:11 | Wisp |
| 0:25 | Moon Well |
| 0:26 | Wisp |
| 0:32 | Wisp |
| 1:09 | Wisp |
| 1:35 | Hunter's Hall |
| 1:40 | Wisp |
| 1:44 | Ancient of War |
| 1:53 | Moon Well |
| 2:00 | Wisp |
| 2:06 | Wisp |
| 2:20 | Ancient of Wonders |
| 2:29 | Wisp |
| 2:34 | Entangling Roots |
| 2:47 | Huntress |
| 2:57 | Moon Well |
| 3:21 | Huntress |
| 3:49 | Huntress |
| 4:08 | Huntress |
| 4:15 | Moon Well |
| 4:29 | Wisp |
| 4:29 | Wisp |
| 4:50 | Thorns Aura |
| 5:01 | Huntress |
| 5:29 | Ancient Protector |
| 5:30 | Wisp |
| 5:33 | Ancient Protector |
| 5:35 | Wisp |
| 6:07 | Tree of Ages |
| 6:32 | Huntress |
| 7:01 | Strength of the Wild |
| 7:22 | Ancient of War |
| 7:23 | Glaive Thrower |
| 7:23 | Glaive Thrower |
| 7:45 | Strength of the Moon |
| 8:26 | Glaive Thrower |
| 8:38 | Glaive Thrower |
| 9:47 | Wisp |
| 9:47 | Wisp |
| 9:49 | Wisp |
| 10:13 | Vorpal Blades |
| 10:14 | Glaive Thrower |
| 10:49 | Glaive Thrower |
| 11:17 | Moon Well |
| 11:18 | Moon Well |
| 11:36 | Tree of Eternity |
| 11:40 | Improved Strength of the Moon |
| 11:50 | Ultravision |
| 13:03 | Huntress |
| 14:13 | Chimaera Roost |
| 14:15 | Chimaera Roost |
| 14:17 | Wisp |
| 14:17 | Wisp |
| 14:17 | Wisp |
| 14:32 | Force of Nature |
| 14:50 | Glaive Thrower |
| 15:06 | Tree of Life |
| 15:19 | Wisp |
| 15:19 | Wisp |
| 15:38 | Chimaera |
| 16:00 | Ancient of Wind |
| 16:35 | Searing Arrows |
| 17:24 | Tree of Life |
| 17:30 | Tree of Life |
| Right click | 950 |
| Select | 306 |
| Select group | 213 |
| Build/train/purchase | 53 |
| Misc. action | 33 |
| Assign group | 21 |
| Use ability | 21 |
| Resource trade | 8 |
| Remove unit | 1 |
| Minimap ping | 1 |